 Dungeon Crawl Stone Soup version 0.29-a0-653-gd47aff6735 (webtiles) character file.

Game seed: 2224047455761723280

447 DocClef the Chopper (level 7, -1/54 HPs)
             Began as a Formicid Fighter on June 21, 2022.
             Slain by a black bear (11 damage)
             ... on level 5 of the Dungeon.
             The game lasted 00:04:39 (3648 turns).

DocClef the Chopper (Formicid Fighter)              Turns: 3648, Time: 00:04:40

Health: -1/54      AC:  7    Str: 19 (22) XL:     7   Next: 24%
Magic:  7/7        EV: 10    Int:  7 (8)  God:
Gold:   207        SH:  4    Dex: 11 (13) Spells: 6/6 levels left

rFire   + . .      SeeInvis +   a - +0 war axe
rCold   . . .      Faith    .   c - +0 buckler
rNeg    + . .      Spirit   .   l - +1 ring mail of Cureskat {rF+ rN+}
rPois   .          Reflect  .   (helmet unavailable)
rElec   .          Harm     .   (no cloak)
rCorr   .          Rampage  .   o - +0 pair of gloves
Will    .....                   (no boots)
Stlth   +.........              (no amulet)
HPRegen 0.18/turn               (no ring)
MPRegen 0.10/turn               (no ring)

@: no status effects
A: permanent stasis, dig shafts and tunnels, antennae 3, four strong arms,
MP-powered wands
a: Dig, Shaft Self


You were on level 5 of the Dungeon.
You visited 1 branch of the dungeon, and saw 5 of its levels.
You also visited: Ossuary.

You collected 207 gold pieces.

Inventory:

Hand Weapons
 a - a +0 war axe (weapon)
 f - a +0 hand axe of flaming
Armour
 b - a +1 scale mail
 c - a +0 buckler (worn)
 l - the +1 ring mail of Cureskat (worn) {rF+ rN+}
   (You found it on level 2 of the Dungeon)

   rF:        It protects you from fire.
   rN:        It protects you from negative energy.
 o - a +0 pair of gloves (worn)
Jewellery
 e - a ring of ice
 i - a +6 ring of intelligence
Wands
 q - a wand of acid (10)
Scrolls
 t - a scroll of silence
Potions
 d - 2 potions of might
 g - 2 potions of resistance
 h - 4 potions of brilliance
 k - a potion of invisibility
 r - 2 potions of heal wounds


   Skills:
 - Level 4.1 Fighting
 + Level 7.0 Axes
 - Level 3.2 Armour
 - Level 4.0 Shields


You had 6 spell levels left.
You didn't know any spells.
Your spell library was empty.

Dungeon Overview and Level Annotations

Branches:
Dungeon (5/15)            Ossuary (visited)
 Temple: D:4-7

Altars:
Gozag


Innate Abilities, Weirdness & Mutations

You cannot be hasted, slowed, berserked, paralysed or teleported.
You can dig through walls and to a lower floor.
You have a pair of large antennae on your head. (SInv)
Your four strong arms can wield two-handed weapons with a shield.
You expend magic power (3 MP) to strengthen your wands.


Message History

The black bear bites you but does no damage.
The black bear claws you but does no damage. x2
You hit the black bear.
The black bear is almost dead.
The black bear bites you.
The black bear claws you but does no damage.
You block the black bear's attack.
Unknown command.
You barely miss the black bear.
The black bear is almost dead.
The black bear bites you but does no damage.
The black bear misses you. You block the black bear's attack.
You hit the black bear but do no damage.
The black bear is almost dead.
The black bear goes berserk!
Unknown command.
You hit the black bear but do no damage.
The black bear is almost dead.
The black bear bites you. You block the black bear's attack.
The black bear claws you but does no damage.
The black bear bites you.
* * * LOW HITPOINT WARNING * * *
The black bear claws you.
* * * LOW HITPOINT WARNING * * *
The black bear claws you.
* * * LOW HITPOINT WARNING * * *
You closely miss the black bear.
The black bear is almost dead.
The black bear closely misses you. You block the black bear's attack.
The black bear closely misses you.
The black bear bites you but does no damage.
The black bear claws you but does no damage. x2
Unknown command.
You closely miss the black bear.
The black bear is almost dead.
The black bear bites you.
* * * LOW HITPOINT WARNING * * *
You block the black bear's attack. The black bear barely misses you.
The black bear bites you!
You die...

....... #### .......
...# .......#####...#
..
...........#...###..
...................
.................#
.................#
......h@.........#
?......###.......###.
....... #...........
....... #........#.
##.##.#####.....#.# #
..#.....#####.#
...#....<.......
...#............
...............


You could see a black bear (berserk).

Vanquished Creatures
  Menkaure (Ossuary)
  A scorpion (D:4)
  A hound (D:4)
  4 mummies
  A gnoll (D:1)
  4 adders
  3 dart slugs
  13 orcs
  2 bats (D:2)
  3 endoplasms
  3 giant cockroaches
  4 gnoll zombies (Ossuary)
  5 goblins
  6 hobgoblins
  11 jackals
  A quokka (D:3)
  4 ball pythons
  2 frilled lizards
  4 gnoll skeletons (Ossuary)
  3 goblin skeletons (Ossuary)
  6 goblin zombies (Ossuary)
  6 hobgoblin skeletons (Ossuary)
  2 hobgoblin zombies (Ossuary)
  3 kobolds
  3 kobold skeletons (Ossuary)
  7 kobold zombies (Ossuary)
  3 orc skeletons (Ossuary)
  4 orc zombies (Ossuary)
  4 rats
  5 rat skeletons (Ossuary)
  A rat zombie (Ossuary)
  A spectral kobold (D:1)
121 creatures vanquished.

Notes
Turn   | Place    | Note
-------+----------+-------------------------------------------
     0 | D:1      | DocClef the Formicid Fighter began the quest for the Orb.
     0 | D:1      | Reached XP level 1. HP: 18/18 MP: 1/1
    65 | D:1      | Found a faded altar of an unknown god.
   199 | D:1      | Reached XP level 2. HP: 17/25 MP: 2/2
   483 | D:1      | Reached XP level 3. HP: 28/30 MP: 3/3
   942 | D:2      | Reached skill level 3 in Axes
  1072 | D:2      | Identified the +1 ring mail of Cureskat {rF+ rN+}
  1093 | D:2      | Reached XP level 4. HP: 19/37 MP: 4/4
  1909 | D:3      | Reached skill level 4 in Axes
  2147 | D:3      | Reached XP level 5. HP: 42/42 MP: 5/5
  2676 | D:4      | Found a sand-covered staircase.
  2683 | D:4      | Reached skill level 5 in Axes
  2686 | Ossuary  | Entered an ossuary
  2862 | Ossuary  | Reached XP level 6. HP: 48/48 MP: 6/6
  2993 | Ossuary  | Noticed Menkaure
  3002 | Ossuary  | Killed Menkaure
  3003 | Ossuary  | Reached skill level 6 in Axes
  3013 | Ossuary  | Reached XP level 7. HP: 53/54 MP: 7/7
  3280 | D:4      | Gained mutation: You are covered in fur. (AC +1) [potion of
                  | mutation]
  3280 | D:4      | Lost mutation: You are covered in fur. (AC +1) [potion of
                  | mutation]
  3280 | D:4      | Gained mutation: You expend magic power (3 MP) to
                  | strengthen your wands. [potion of mutation]
  3442 | D:4      | Found an opulent altar of Gozag.
  3472 | D:4      | Reached skill level 7 in Axes
  3621 | D:5      | Entered Level 5 of the Dungeon
  3648 | D:5      | Slain by a black bear

Illustrated notes

Levels and vault maps discovered:
D:1:      dpeg_arrival_fog, layout_rooms,
          dreamdust_ecumenical_altar_drowned_temple
D:2:      layout_basic, minmay_distorted
D:3:      layout_basic
D:4:      layout_rooms, mainiacjoe_overflow_24_doors, gup_ossuary_entry_pyramid
D:5:      layout_basic

Skill      XL: |  1  2  3  4  5  6  7 |
---------------+----------------------+-----
Fighting       | 4 |  4.1
Axes           | 3 4 5 6 7 |  7.0
Armour         | |  3.2
Shields        | |  4.0

Action                   |  1- 3 |  4- 6 |  7- 9 || total
-------------------------+-------+-------+-------++-------
Melee: Hand axe          |    80 |   170 |     7 ||   257
       War axe           |     1 |       |    41 ||    42
  Use: Scroll            |     1 |     3 |     6 ||    10
       Potion            |       |       |     3 ||     3
Armor: Scale mail        |    32 |       |       ||    32
       Ring mail         |       |    42 |    28 ||    70
Dodge: Dodged            |    39 |    58 |    23 ||   120
Block: Buckler           |    20 |    28 |    23 ||    71

Table legend: (Time is in decaauts)
 A = Elapsed time spent in this place.
 B = Non-inter-level travel time spent in this place.
 C = Inter-level travel time spent in this place.
 D = Time resting spent in this place.
 E = Time spent auto-exploring this place.
 F = Levels seen in this place.
 G = Mean time per level.
                   A        B        C        D        E       F      G
               +--------+--------+--------+--------+--------+-----+--------+
         Total |   3686 |   3564 |    122 |    352 |   2426 |   6 |  614.3 |
       Dungeon |   3271 |   3149 |    122 |    352 |   2232 |   5 |  654.2 |
       Ossuary |    414 |    414 |      0 |      0 |    194 |   1 |  414.0 |
               +--------+--------+--------+--------+--------+-----+--------+

Top non-repeatable levels by time:
     D:2: 1202 daAuts
     D:3: 892 daAuts
     D:4: 580 daAuts
     D:1: 566 daAuts
 Ossuary: 414 daAuts
     D:5: 29 daAuts
